 Dungeon Crawl Stone Soup version 0.30-a0-2-gf48d83f5e2 (webtiles) character file.

Game seed: 17982624837047082075

107 kae the Firebug (level 4, -8/25 HPs)
             Began as a Deep Elf Fire Elementalist on Aug 19, 2022.
             Mangled by a hobgoblin
             ... wielding a +0 quarterstaff
              (12 damage)
             ... on level 2 of the Dungeon.
             The game lasted 00:02:10 (2387 turns).

kae the Firebug (Deep Elf Fire Elementalist)        Turns: 2387, Time: 00:02:11

Health: -8/25      AC:  2    Str:  5    XL:     4   Next: 56%
Magic:  1/11       EV: 13    Int: 22    God:
Gold:   99         SH:  0    Dex: 15    Spells: 7/10 levels left

rFire   . . .      SeeInvis .    k - +3 mace
rCold   + . .      Faith    .    (no shield)
rNeg    . . .      Spirit   .    a - +0 robe
rPois   .          Reflect  .    (no helmet)
rElec   .          Harm     .    (no cloak)
rCorr   .          Rampage  .    (no gloves)
Will    .....                    (no boots)
Stlth   ++........               (no amulet)
HPRegen 0.08/turn                L - ring of flight
MPRegen 0.12/turn                C - ring of protection from cold

@: flying, very slightly contaminated
A: no striking features
a: no special abilities


You were on level 2 of the Dungeon.
You visited 1 branch of the dungeon, and saw 4 of its levels.

You collected 99 gold pieces.


   Skills:
 + Level 1.0 Fighting
 + Level 3.2 Dodging
 - Level 2.4 Stealth
 + Level 3.5 Spellcasting
 * Level 2.8 Conjurations
 * Level 4.2 Fire Magic


You had 7 spell levels left.
You knew the following spells:

 Your Spells              Type           Power      Damage    Failure   Level
a - Foxfire               Conj/Fire      76%        2x1d7     2%          1
b - Scorch                Fire           44%        2d7       3%          2

Your spell library contained the following spells:

 Spells                   Type           Power      Damage    Failure   Level
 Conjure Flame            Conj/Fire      19%        6-21      9%          3
 Inner Flame              Hex/Fire       13%        N/A       14%         3
 Ensorcelled Hibernation  Hex/Ice        6%         N/A       19%         2
 Passwall                 Tmut/Erth      2%         N/A       19%         2
 Flame Wave               Conj/Fire      19%        2d7       28%         4
 Swiftness                Air            3%         N/A       34%         3

Inventory:

Hand Weapons
 k - a +3 mace (weapon)
   (You found it on level 1 of the Dungeon)
Missiles
 d - 30 stones
 j - 2 poisoned darts
Armour
 a - a +0 robe (worn)
Jewellery
 g - an amulet of regeneration
   (You took it off Ijyb on level 3 of the Dungeon)
 C - a ring of protection from cold (right hand)
   (You found it on level 4 of the Dungeon)
 L - a ring of flight (left hand)
   (You found it on level 1 of the Dungeon)
Wands
 m - a wand of iceblast (7)
   (You took it off Ijyb on level 3 of the Dungeon)
Scrolls
 n - a scroll of amnesia
 o - a scroll of identify {@r1}
Potions
 b - a potion of magic
 c - 2 potions of attraction {unknown}
 e - a potion of flight
 f - 2 potions of curing {unknown}
 h - a potion of might
 i - a potion of degeneration {unknown}
 l - a potion of heal wounds {unknown}
 p - a potion of brilliance {unknown}

Dungeon Overview and Level Annotations

Branches:
Dungeon (4/15) Zot: 21604
 Temple: D:4-7

Altars:

Shops:
D:3

[ #. #. # ## . ##.
..#..## ..... ##
##...###.#
#>..gv...# #@.###
.. .#.v..# .##
.#.?#### #..
...##..#...# #...
..#...#...# #..#
.#..###..# #..
##..#...#..# #
#...#...#...#..#.#
#..#...#...##...#


You could see a hobgoblin (ally target).


Message History

Your mp is fully restored (11).
A frilled lizard is nearby!
A frilled lizard is nearby!
Casting: Scorch (safe; 3% risk of failure)
Confirm with . or Enter, or press ? or * to list all spells.
Flames lash the frilled lizard.
You kill the frilled lizard! 😕 MP[-2]
You lost 2 mp, and now have 9/11 mp.
Casting: Scorch (safe; 3% risk of failure)
Confirm with . or Enter, or press ? or * to list all spells.
You can't see any susceptible monsters within range! (Use Z to cast anyway.)
You now have 99 gold pieces (gained 11).
A hobgoblin comes into view. 😕 HP[+2] MP[+2]
You regained 2 hp, and now have 23/25 hp.
Your mp is fully restored (11).
A hobgoblin is nearby!
Casting: Scorch (safe; 3% risk of failure)
Confirm with . or Enter, or press ? or * to list all spells.
You can't see any susceptible monsters within range! (Use Z to cast anyway.)
A hobgoblin is nearby!
A hobgoblin is nearby!
The hobgoblin shouts!
You hear a shout!
Casting: Scorch (safe; 3% risk of failure)
Confirm with . or Enter, or press ? or * to list all spells.
You miscast Scorch.
You are very lightly contaminated with residual magic.
Nothing appears to happen. 😕 MP[-2]
You lost 2 mp, and now have 9/11 mp.
Casting: Scorch (safe; 3% risk of failure)
Confirm with . or Enter, or press ? or * to list all spells.
Flames lash the hobgoblin.
The hobgoblin's fire resistance burns away.
The hobgoblin closely misses you.
The hobgoblin barely misses you. 😕 MP[-2]
You lost 2 mp, and now have 7/11 mp.
A hobgoblin is nearby!
Casting: Scorch (safe; 3% risk of failure)
Confirm with . or Enter, or press ? or * to list all spells.
Flames lash the hobgoblin.
The hobgoblin is burned terribly!
You kill the hobgoblin!
A hobgoblin comes into view. It is wielding a +0 quarterstaff.
The hobgoblin throws a stone.
The stone misses you.
Casting: Scorch (safe; 3% risk of failure)
Confirm with . or Enter, or press ? or * to list all spells.
You can't see any susceptible monsters within range! (Use Z to cast anyway.) 😕 MP[-2]
You lost 2 mp, and now have 5/11 mp.
A hobgoblin is nearby!
A hobgoblin is nearby!
The hobgoblin throws a stone.
The stone misses you.
Things that are here:
a scroll of identify {@r1}; 11 gold pieces; a hobgoblin corpse 😕 HP[+1]
Casting: Scorch (safe; 3% risk of failure)
Confirm with . or Enter, or press ? or * to list all spells.
You can't see any susceptible monsters within range! (Use Z to cast anyway.)
Casting: Scorch (safe; 3% risk of failure)
Confirm with . or Enter, or press ? or * to list all spells.
You can't see any susceptible monsters within range! (Use Z to cast anyway.)
Your magical contamination has completely faded away. 😕 MP[+1]
A hobgoblin is nearby!
A hobgoblin is nearby!
Found a stone staircase leading down.
The hobgoblin hits you with a +0 quarterstaff. 😕 HP[-2]
You take 2 damage, and now have 22/25 hp.
Casting: Scorch (safe; 3% risk of failure)
Confirm with . or Enter, or press ? or * to list all spells.
Flames lash the hobgoblin.
The hobgoblin's fire resistance burns away.
The hobgoblin hits you with a +0 quarterstaff!
The hobgoblin barely misses you. 😮 HP[-8] MP[-2]
You take 8 damage, and now have 14/25 hp.
MASSIVE DAMAGE!! (PAUSE)
You lost 2 mp, and now have 4/11 mp.
A hobgoblin is nearby!
Casting: Scorch (safe; 3% risk of failure)
Confirm with . or Enter, or press ? or * to list all spells.
You miscast Scorch.
You are very lightly contaminated with residual magic.
Nothing appears to happen.
The hobgoblin hits you with a +0 quarterstaff!
* * * LOW HITPOINT WARNING * * *
😱 HP[-10] MP[-2]
You take 10 damage, and now have 4/25 hp.
MASSIVE DAMAGE!! (PAUSE)
You lost 2 mp, and now have 2/11 mp.
Unknown command.
Casting: Scorch (safe; 3% risk of failure)
Confirm with . or Enter, or press ? or * to list all spells.
You conjure some foxfire!
The hobgoblin is no longer more vulnerable to fire.
The hobgoblin hits you with a +0 quarterstaff!
You die...

Skill      XL: |  1  2  3  4 |
---------------+-------------+-----
Conjurations   | 2 |  2.8
Dodging        | 3 |  3.2
Fire Magic     | 4 |  4.2
Fighting       | 1 |  1.0
Stealth        | |  2.4
Spellcasting   | |  3.5

Action                   |  1- 3 |  4- 6 || total
-------------------------+-------+-------++-------
Melee: Unarmed           |     1 |       ||     1
       Mace              |    11 |    15 ||    26
 Cast: Foxfire           |    36 |    10 ||    46
       Scorch            |    17 |    16 ||    33
  Use: Scroll            |     4 |     1 ||     5
Armor: Robe              |     4 |     6 ||    10
Dodge: Dodged            |    14 |    28 ||    42

Levels and vault maps discovered:
D:1:      minmay_arrival_stair_chambers, layout_basic, kennysheep_flooded_box,
          minmay_quantized
D:2:      layout_loops_ring, dreamdust_ecumenical_altar_hidden_monk_grotto,
          nicolae_titane
D:3:      layout_loops_ring, grunt_gozag_breadcrumbs, serial_shops, shop,
          uniq_ijyb
D:4:      layout_rooms

Notes
Turn   | Place    | Note
-------+----------+-------------------------------------------
     0 | D:1      | kae the Deep Elf Fire Elementalist began the quest for the
                  | Orb.
     0 | D:1      | Reached XP level 1. HP: 10/10 MP: 6/6
     0 | D:1      | magus.rc [v1.11.3]
   310 | D:1      | Reached XP level 2. HP: 15/15 MP: 4/8
   439 | D:1      | Learned a level 2 spell: Scorch
   786 | D:1      | Reached skill level 2 in Conjurations
  1209 | D:2      | You are sucked into a shaft and drop 2 floors!
  1228 | D:4      | Reached XP level 3. HP: 20/20 MP: 5/9
  1602 | D:3      | Found Pumumaa's Armour Boutique.
  1610 | D:3      | You pick up a book of Burglary and begin reading...
  1610 | D:3      | You add the spells Passwall, Ensorcelled Hibernation and
                  | Swiftness to your library.
  1638 | D:3      | Noticed Ijyb
  1652 | D:3      | Killed Ijyb
  1653 | D:3      | Reached skill level 3 in Dodging
  1653 | D:3      | Reached skill level 4 in Fire Magic
  1653 | D:3      | Reached XP level 4. HP: 13/24 MP: 1/11
  1828 | D:3      | Reached skill level 1 in Fighting
  1917 | D:3      | HP: 5/25 [orc/+0 club (3)]
  1937 | D:3      | HP: 6/25 [rat (1)]
  2386 | D:2      | HP: 4/25 [hobgoblin/+0 quarterstaff (10)]
  2387 | D:2      | Mangled by a hobgoblin

Vanquished Creatures
  Ijyb (D:3)
  2 adders
  2 worms
  A dart slug (D:3)
  2 orcs (D:3)
  2 bats (D:1)
  6 endoplasms
  2 giant cockroaches (D:1)
  6 goblins (D:1)
  4 hobgoblins
  6 jackals
  A quokka (D:1)
  3 ball pythons
  4 frilled lizards
  4 kobolds
  3 rats
49 creatures vanquished.

Vanquished Creatures (others)
  73 foxfires
  3 fungi (D:2)
  8 plants (D:2)
84 creatures vanquished.

Grand Total: 133 creatures vanquished

Table legend:
 A = Non-vault XP
 B = Vault XP
 C = Vault XP percentage of total XP
 D = Non-vault monster count
 E = Vault monster count
 F = Vault count percentage of total count
                 A         B        C        D         E       F
            +---------+---------+-------+---------+---------+-------
      Total |     109 |      44 |  28.8 |      44 |       5 |  10.2
            +---------+---------+-------+---------+---------+-------
        D:1 |      32 |       6 |  15.8 |      19 |       4 |  17.4
        D:2 |      34 |       0 |   0.0 |      12 |       0 |   0.0
        D:3 |      27 |      38 |  58.5 |      11 |       1 |   8.3
        D:4 |      16 |       0 |   0.0 |       2 |       0 |   0.0
            +---------+---------+-------+---------+---------+-------

Illustrated notes

Table legend:
 A = Kills in this place as a percentage of kills in entire the game.
 B = Kills by you in this place as a percentage of kills by you in the entire game.
 C = Kills by friends in this place as a percentage of kills by friends in the entire game.
 D = Other kills in this place as a percentage of other kills in the entire game.
 E = Experience gained in this place as a percentage of experience gained in the entire game.
 F = Experience gained in this place divided by the number of levels of this place that you have seen.
                   A       B       C       D       E      F
               +-------+-------+-------+-------+-------+----------------------
         Total | 100.0 | 100.0 |   N/A |   N/A | 100.0 |  38.2
       Dungeon | 100.0 | 100.0 |   N/A |   N/A | 100.0 |  38.2
               +-------+-------+-------+-------+-------+----------------------

Table legend: (Time is in decaauts)
 A = Elapsed time spent in this place.
 B = Non-inter-level travel time spent in this place.
 C = Inter-level travel time spent in this place.
 D = Time resting spent in this place.
 E = Time spent auto-exploring this place.
 F = Levels seen in this place.
 G = Mean time per level.
                   A        B        C        D        E       F      G
               +--------+--------+--------+--------+--------+-----+--------+
         Total |   2394 |   2380 |     14 |     60 |   1954 |   4 |  598.5 |
       Dungeon |   2394 |   2380 |     14 |     60 |   1954 |   4 |  598.5 |
               +--------+--------+--------+--------+--------+-----+--------+

Top non-repeatable levels by time:
     D:1: 1108 daAuts
     D:3: 681 daAuts
     D:2: 553 daAuts
     D:4: 51 daAuts
